 Dungeon Crawl Stone Soup version 0.30-a0-218-gedb9141078 (webtiles) character file.

Game seed: 5817780594374886863

917 lunkers the Chopper (level 8, -2/68 HPs)
             Began as a Meteoran Fighter on Oct 6, 2022.
             Was an Initiate of Trog.
             Slain by an orc warrior
             ... wielding a +0 dire flail
              (12 damage)
             ... on level 6 of the Dungeon.
             The game lasted 00:04:19 (1462 turns).

lunkers the Chopper (Meteoran Fighter)              Turns: 1462, Time: 00:04:20

Health: -2/68      AC:  9    Str: 21    XL:     8   Next: 56%
Magic:  9/9        EV:  9    Int:  9    God:    Trog [......]
Gold:   128        SH:  0    Dex: 13    Spells: 7/7 levels left

rFire   . . .      SeeInvis .    i - +2 quarterstaff (drain)
rCold   . . .      Faith    .    (shield currently unavailable)
rNeg    . . .      Spirit   .    b - +0 scale mail
rPois   .          Reflect  .    k - +0 helmet
rElec   .          Harm     .    (no cloak)
rCorr   .          Rampage  .    (no gloves)
Will    +....                    r - +0 pair of boots
Stlth   ..........               (no amulet)
HPRegen 0.31/turn                (no ring)
MPRegen 0.11/turn                (no ring)

@: glowing
A: sense surroundings 1, otherworldly, glowing, explore regen
a: Renounce Religion


You were on level 6 of the Dungeon.
You worshipped Trog.
Trog was noncommittal.
You visited 1 branch of the dungeon, and saw 6 of its levels.

You collected 173 gold pieces.
You spent 45 gold pieces at shops.

Inventory:

Hand Weapons
 a - a +0 war axe
 i - a +2 quarterstaff of draining (weapon)
Missiles
 f - 5 silver javelins
 l - 13 stones
 v - 14 poisoned darts
 w - a curare-tipped dart
Armour
 b - a +0 scale mail (worn)
 c - a +0 buckler
 k - a +0 helmet (worn)
 r - a +0 pair of boots (worn)
Jewellery
 e - a ring of ice
 p - an amulet of faith
Scrolls
 j - 2 scrolls of poison {unknown}
 n - a scroll of summoning {unknown}
 s - a scroll of enchant weapon {unknown}
 u - a scroll of teleportation
Potions
 d - a potion of might
 h - 3 potions of brilliance
 m - 2 potions of flight {unknown}
 o - a potion of degeneration {unknown}
 q - a potion of invisibility {unknown}
 t - a potion of attraction {unknown}


   Skills:
 + Level 5.1 Fighting
 - Level 7.0 Axes
 - Level 6.0 Staves
 + Level 5.2 Armour
 - Level 3.6 Shields


You had 7 spell levels left.
You didn't know any spells.
Your spell library contained the following spells:

 Spells                   Type           Power      Damage    Failure   Level
 Ignite Poison            Fire/Tmut/Pois 0%         N/A       97%         3
 Animate Dead             Necr           0%         N/A       100%        4
 Sticky Flame             Conj/Fire      0%         2d3       100%        4
 Borgnjor's Vile Clutch   Necr/Erth      0%         N/A       100%        5
 Death Channel            Necr           0%         N/A       100%        6
 Ignition                 Fire           0%         3d3       100%        8


Dungeon Overview and Level Annotations

Branches:
Dungeon (6/15) Zot: 2076
 Temple: D:4-7

Altars:
Dithmenos
Trog
Xom

Shops:
D:1 !   D:5 ?

Annotations:
D:4 2 runed translucent doors


Innate Abilities, Weirdness & Mutations

You passively map a small area around you.
You are easily found by Zot.
You glow in the dark.
You regain HP and MP as you explore.


Message History

The ogre barely misses you.
You hit the ogre.
The ogre is heavily wounded.
The orc wizard gestures wildly while chanting.
The orc wizard flickers and vanishes!
You completely miss the ogre.
The ogre is heavily wounded.
The ogre hits you with a +0 giant club!
* * * LOW HITPOINT WARNING * * *
You barely miss the ogre.
The ogre is heavily wounded.
The ogre hits you with a +0 giant club!!
* * * LOW HITPOINT WARNING * * *
You thump the ogre!
You kill the ogre!
Trog accepts your kill.
Your Fighting skill increases to level 5!
Your Armour skill increases to level 5!
You feel much better.
The orc warrior hits you but does no damage.
Unknown command.
You barely miss the orc warrior.
The orc warrior hits you but does no damage.
You hit the orc warrior but do no damage.
The orc warrior hits you with a +0 hand axe.
* * * LOW HITPOINT WARNING * * *
The orc wizard mumbles some strange words.
The orc wizard flickers and vanishes!
You hit the orc warrior but do no damage.
The orc warrior hits you with a +0 hand axe!
* * * LOW HITPOINT WARNING * * *
You hit the orc warrior. You drain the orc warrior.
The orc warrior is moderately wounded.
You hit the orc warrior but do no damage.
You barely miss the orc warrior.
The orc warrior hits you with a +0 dire flail!
* * * LOW HITPOINT WARNING * * *
You hit the orc warrior but do no damage.
The orc warrior hits you with a +0 dire flail!
You die...

.....#.)...#.# #.....#
* .###.#######.#
###.#.# ,
..............
...###** *
....................
.o.#.#######.########*
* .#O#.## ..# .<)#.. *
###
...#.##############
...#.......oo{oo@.#
............{{###.#
......#######.# .#
......# *#.#* .#
......# ..., .#
......# ,.... .#
...#### ...>.#.# ...#
.....#.# ...* *


You could see 2 orc warriors and 2 orcs.

Vanquished Creatures
  Eustachio (D:4)
  2 black bears (D:6)
  An ogre (D:6)
  2 kobold brigands (D:6)
  A scorpion (D:6)
  A necrophage (D:6)
  A howler monkey (D:4)
  A hound (D:3)
  Terence (D:2)
  Natasha (twice) (D:2)
  Robin (D:2)
  3 gnolls (D:3)
  2 adders
  2 worms (D:3)
  A dart slug (D:2)
  3 orcs (D:3)
  3 endoplasms
  3 giant cockroaches
  9 goblins
  5 hobgoblins (D:2)
  6 jackals (D:2)
  11 kobolds
  5 ball pythons
  3 bats
  3 frilled lizards (D:2)
  3 rats
76 creatures vanquished.

Notes
Turn   | Place    | Note
-------+----------+-------------------------------------------
     0 | D:1      | lunkers the Meteoran Fighter began the quest for the Orb.
     0 | D:1      | Reached XP level 1. HP: 19/19 MP: 2/2
    99 | D:1      | Found Kicoir's Distillery.
   147 | D:1      | Reached skill level 3 in Axes
   147 | D:1      | Reached XP level 2. HP: 21/26 MP: 3/3
   256 | D:2      | Reached XP level 3. HP: 29/31 MP: 4/4
   275 | D:2      | Reached skill level 4 in Axes
   398 | D:2      | Noticed Natasha
   408 | D:2      | Killed Natasha
   409 | D:2      | Reached skill level 5 in Axes
   409 | D:2      | Reached XP level 4. HP: 17/38 MP: 5/5
   447 | D:2      | Noticed Robin
   459 | D:2      | Killed Robin
   463 | D:2      | Reached XP level 5. HP: 31/45 MP: 6/6
   538 | D:2      | Noticed Terence
   539 | D:2      | Noticed Natasha
   545 | D:2      | Killed Terence
   546 | D:2      | Reached skill level 6 in Axes
   548 | D:2      | Killed Natasha
   676 | D:3      | Reached XP level 6. HP: 50/51 MP: 7/7
   692 | D:3      | Reached skill level 7 in Axes
  1038 | D:4      | Noticed Eustachio
  1079 | D:4      | Killed Eustachio
  1080 | D:4      | Reached XP level 7. HP: 22/57 MP: 8/8
  1183 | D:4      | Found a large runed translucent door.
  1185 | D:4      | Found a large runed translucent door.
  1187 | D:4      | Found a shimmering altar of Xom.
  1200 | D:5      | Entered Level 5 of the Dungeon
  1209 | D:5      | Found Zeluosar's Magic Scroll Boutique.
  1232 | D:5      | Bought a scroll of teleportation for 45 gold pieces
  1245 | D:5      | Found a shadowy altar of Dithmenos.
  1245 | D:5      | Found a bloodstained altar of Trog.
  1252 | D:5      | Became a worshipper of Trog the Wrathful
  1369 | D:6      | Reached skill level 5 in Staves
  1406 | D:5      | Noticed a water moccasin
  1439 | D:6      | Reached XP level 8. HP: 53/66 MP: 9/9
  1455 | D:6      | Reached skill level 5 in Fighting
  1455 | D:6      | Reached skill level 5 in Armour
  1462 | D:6      | Slain by an orc warrior

Illustrated notes

Levels and vault maps discovered:
D:1:      minmay_arrival_four_loops, layout_loops_ring, serial_shops,
          nicolae_square_shop, chequers_ecumenical_altar_simple_redux
D:2:      layout_loops_ring, uniq_natasha, uniq_terence, uniq_robin
D:3:      layout_loops_ring, mainiacjoe_overflow_24_doors
D:4:      due_chaos_kobolds, layout_loops_ring, uniq_eustachio, uniq_pikel
D:5:      layout_basic, nicolae_overflow_two_pavilions,
          minmay_temple_entry_nine_rooms, serial_shops, nicolae_shop_crystal,
          nicolae_shop_waterfront, shop_statue
D:6:      layout_basic, uniq_maggie

Skill      XL: |  1  2  3  4  5  6  7  8 |
---------------+-------------------------+-----
Axes           | 3 5 6 7 |  7.0
Staves         | 4 6 |  6.0
Fighting       | 5 |  5.1
Armour         | 5 |  5.2
Shields        | |  3.6

Action                   |  1- 3 |  4- 6 |  7- 9 || total
-------------------------+-------+-------+-------++-------
Melee: War axe           |    29 |       |       ||    29
       Quarterstaff      |    16 |    84 |    70 ||   170
Throw: Javelin           |     1 |       |       ||     1
  Use: Scroll            |       |       |     2 ||     2
       Potion            |       |       |     2 ||     2
Armor: Scale mail        |    25 |    63 |    57 ||   145
Dodge: Dodged            |    14 |    42 |    49 ||   105
Block: Buckler           |    10 |       |       ||    10

Table legend: (Time is in decaauts)
 A = Elapsed time spent in this place.
 B = Non-inter-level travel time spent in this place.
 C = Inter-level travel time spent in this place.
 D = Time resting spent in this place.
 E = Time spent auto-exploring this place.
 F = Levels seen in this place.
 G = Mean time per level.
                   A        B        C        D        E       F      G
               +--------+--------+--------+--------+--------+-----+--------+
         Total |   1522 |   1488 |     34 |      0 |    844 |   6 |  253.7 |
       Dungeon |   1522 |   1488 |     34 |      0 |    844 |   6 |  253.7 |
               +--------+--------+--------+--------+--------+-----+--------+

Top non-repeatable levels by time:
     D:2: 541 daAuts
     D:3: 331 daAuts
     D:4: 215 daAuts
     D:1: 165 daAuts
     D:6: 137 daAuts
     D:5: 131 daAuts
